 Dungeon Sprint DCSS version 0.28.0-45-g0d030f2227 (webtiles) character file.

Game seed: 8262055234759916672

5 McKennaii the Gusty (level 1, -3/14 HPs)
             Began as a Demigod Air Elementalist on Apr 18, 2022.
             Slain by an ogre
             ... wielding a +0 giant club
              (17 damage)
             ... in the Dungeon (Sprint IX: "|||||||||||||||||||||||||||||").
             The game lasted 00:00:19 (41 turns).

McKennaii the Gusty (Demigod Air Elementalist)        Turns: 41, Time: 00:00:19

Health: -3/14      AC:  2    Str:  9    XL:     1   Next: 53%
Magic:  5/6        EV: 12    Int: 17    God:
Gold:   0          SH:  0    Dex: 14    Spells: 3/4 levels left

rFire   . . .      SeeInvis .   h - +2 dagger (holy)
rCold   . . .      Faith    .   (no shield)
rNeg    . . .      Spirit   .   a - +0 robe
rPois   .          Reflect  .   (no helmet)
rElec   .          Harm     .   (no cloak)
rCorr   .          Rampage  .   (no gloves)
Will    .....      NoTele   +   (no boots)
Stlth   ++........              (no amulet)
HPRegen 0.04/turn               (no ring)
MPRegen 0.10/turn               (no ring)

@: no status effects
A: high MP 1, forlorn, divine attributes
a: no special abilities


You were in the Dungeon.
You visited 1 branch

Inventory:

Hand Weapons
 h - a +2 dagger of holy wrath (weapon)
Armour
 a - a +0 robe (worn)
Scrolls
 g - a scroll of blinking
Potions
 b - a potion of curing
 c - a potion of heal wounds
 d - a potion of haste
 e - 2 potions of magic
 f - a potion of berserk rage


   Skills:
 - Level 1.7 Dodging
 - Level 1.7 Stealth
 + Level 2.1 Spellcasting
 * Level 2.0 Conjurations
 * Level 3.3 Air Magic


You had 3 spell levels left.
You knew the following spells:

 Your Spells              Type           Power      Damage    Failure   Level
a - Shock                 Conj/Air       44%        1d5       6%          1

Your spell library contained the following spells:

 Spells                   Type           Power      Damage    Failure   Level
 Static Discharge         Conj/Air       11%        N/A       10%         2
 Swiftness                Air            13%        N/A       14%         3
 Airstrike                Air            6%         N/A       43%         4


Dungeon Overview and Level Annotations

Branches:
Dungeon (1/1)


Innate Abilities, Weirdness & Mutations

You have an increased reservoir of magic. (+10% MP)
You shall have no god before yourself.
Your divine heritage dramatically boosts your attributes as you level up.


Message History

Your Conjurations skill increases to level 1!
Your Air Magic skill increases to level 3!
The zap hits the kobold.
You kill the kobold!
The zap hits the hobgoblin.
You kill the hobgoblin!
The zap hits the quokka.
You kill the quokka!
Your Spellcasting skill increases to level 2!
Your Conjurations skill increases to level 2!
You can't see any susceptible monsters within range! (Use Z to cast anyway.)
You can't see any susceptible monsters within range! (Use Z to cast anyway.)
There is an open door to the Dungeon here.
Things that are here:
a +2 dagger of holy wrath; 3 stones
h - a +2 dagger of holy wrath You start resting.
Magic restored.
You see here a hobgoblin corpse.
Things that are here:
a quokka corpse; a rat corpse Your +2 dagger of holy wrath softly glows with a divine radiance!
h - a +2 dagger of holy wrath (weapon)
You open the door.
A dart slug, a howler monkey, an iguana, an ice beast and an ogre come into view.
Unknown command.
The zap hits the ogre.
The ogre is lightly wounded.
The zap hits the ice beast.
The ice beast is lightly wounded.
The zap hits the iguana.
The iguana is lightly wounded.
The zap hits the howler monkey.
The howler monkey is lightly wounded.
The howler monkey howls!
The zap hits the dart slug.
The dart slug is heavily wounded.
The ogre hits you with a +0 giant club!
Ouch! That really hurt!
You die... ▓▓▓▓▓▓▓▓▓▓▓▓▓▓▓▓▓▓ +whlY.O@†.†.(...<▓ ▓▓▓▓▓▓▓▓▓▓▓▓▓▓▓▓▓▓

You could see an ice beast, an ogre, a howler monkey, an iguana and a dart slug.

Vanquished Creatures
  A hobgoblin (D)
  A kobold (D)
  A quokka (D)
  A frilled lizard (D)
  A rat (D)
5 creatures vanquished.

Notes
Turn   | Place    | Note
-------+----------+-------------------------------------------
     0 | D        | McKennaii the Demigod Air Elementalist began the quest for
                  | the Orb.
     0 | D        | Reached XP level 1. HP: 14/14 MP: 5/5
     5 | D        | Reached skill level 1 in Conjurations
     5 | D        | Reached skill level 3 in Air Magic
    40 | D        | Noticed a howler monkey
    40 | D        | Noticed an iguana
    40 | D        | Noticed an ice beast
    40 | D        | Noticed an ogre
    41 | D        | Slain by an ogre

Illustrated notes

Levels and vault maps discovered:
D:        linesprint [early_d, line_temple, items_1, d_10, items_2, lair_1,
          lair_end, items_3, orc_1, orc_end, items_4, d_15, swamp_1, shoals_1,
          snake_1, spider_1, d_20, vaults_1, items_5, swamp_end, shoals_end,
          snake_end, spider_end, vaults_end, d_27, items_6, zot_1, zot_end,
          crypt_end, forest_end, elf_end, slime_end, tomb_end, abyss_end,
          pan_hell_end]

Skill      XL: |  1 |
---------------+----+-----
Conjurations   | 2 |  2.0
Air Magic      | 3 |  3.3
Spellcasting   | 2 |  2.1
Dodging        | |  1.7
Stealth        | |  1.7

Action                   || total
-------------------------++-------
 Cast: Shock             ||     3
